 Dungeon Crawl Stone Soup version bcrawl-1.21.2-1-g32d02e0829 (webtiles) character file.

Game seed: 8186324962088886316

54200 Foic the Basher (level 14, -5/122 HPs)
             Began as a Sand Dwarf Abyssal Knight on Feb 17, 2020.
             Was a Priest of Lugonu.
             Killed from afar by an orc sorcerer (22 damage)
             ... with a bolt of negative energy
             ... in the Orcish Mines.
             The game lasted 01:40:42 (23533 turns).

Foic the Basher (Sand Dwarf Abyssal Knight)        Turns: 23533, Time: 01:40:42

Health: -5/122     AC: 32    Str: 31    XL:     14   Next: 71%
Magic:  18/25      EV:  9    Int:  9    God:    Lugonu [***...]
Gold:   1171       SH: 19    Dex: 14    Spells: 26/28 levels left

rFire    + . .     SeeInvis .   M - +3 flail "Eguamaim" {protect, Str+5 Int-4}
rCold    . . .     Gourm    .   S - +0 shield
rNeg     . . .     Faith    .   D - +0 plate armour
rPois    .         Spirit   .   x - +1 helmet
rElec    .         Reflect  +   i - +1 cloak {+Inv}
rCorr    .         Harm     .   h - +2 pair of gloves {archery}
MR       +....                  A - +0 pair of boots
Stlth    ..........             E - +6 amulet of reflection
HPRegen  0.30/turn              I - ring of Omepamif {Str+4 Dex+4}
MPRegen  0.19/turn              C - ring of protection from fire

@: protection aura, drained, slow
A: small, slowness 1, armour attunement
a: Depart the Abyss, Bend Space, Banish, Renounce Religion, Evoke Invisibility


You were in the Orcish Mines.
You worshipped Lugonu.
Lugonu was most pleased with you.
You were hungry.

You visited 3 branches of the dungeon, and saw 17 of its levels.
You visited the Abyss 1 time.

You collected 1171 gold pieces.

Inventory:

Hand Weapons
 a - a +3 mace of draining
 M - the +3 flail "Eguamaim" (weapon) {protect, Str+5 Int-4}
   (You found it on level 7 of the Dungeon)

   It grants its wielder temporary protection when it strikes (+7 to AC).
   It affects your strength (+5).
   It affects your intelligence (-4).
 X - a +4 flail of freezing
Missiles
 b - 1220 poisoned tomahawks
 c - 10 tomahawks of dispersal
 d - 512 stones (quivered)
 s - 1319 arrows
 z - 745 exploding tomahawks
 L - 2 throwing nets {!f}
Armour
 h - a +2 pair of gloves of archery (worn)
 i - a +1 cloak of invisibility (worn)
 x - a +1 helmet (worn)
 A - a +0 pair of boots (worn)
 D - a +0 plate armour (worn)
 N - a +0 troll leather armour
 S - a +0 shield (worn)
Jewellery
 l - an uncursed ring of ice
 n - an uncursed amulet of the acrobat
 y - an uncursed amulet of magic regeneration
 C - a ring of protection from fire (right hand)
 E - a +6 amulet of reflection (around neck)
 I - the ring of Omepamif (left hand) {Str+4 Dex+4}
   (You took it off an orc on level 6 of the Dungeon)

   [ring of strength]

   It affects your strength (+4).
   It affects your dexterity (+4).
 J - a cursed ring of protection from fire
 R - a +3 ring of intelligence
 U - an uncursed amulet of the gourmand
 Y - an uncursed ring of flight
Wands
 u - a wand of acid (21)
 w - a wand of paralysis (21)
 G - a wand of digging (12)
 Q - a wand of flame (14)
Scrolls
 g - 7 scrolls of remove curse
 j - 3 scrolls of amnesia
 m - 2 scrolls of blinking
 o - 3 scrolls of identify
 r - 2 scrolls of teleportation
 t - a scroll of magic mapping
 F - 3 scrolls of enchant weapon
 H - a scroll of fog
Potions
 f - 2 potions of brilliance
 k - a potion of invisibility
 p - 5 potions of heal wounds
 q - 5 potions of mutation
 v - a potion of berserk rage
 B - 3 potions of haste
 K - 2 potions of agility {unknown}
 O - 2 potions of cancellation
 P - a potion of might {unknown}
 T - a potion of curing
 Z - a potion of lignification {unknown}
Comestibles
 e - 34 rations {!d}
 W - 2 chunks of flesh


   Skills:
 + Level 10.3(8.9) Fighting
 + Level 14.8(13.3) Maces & Flails
 + Level 1.0(0.0) Throwing
 * Level 13.8(12.3) Armour
 + Level 2.5(1.4) Dodging
 * Level 10.5(9.1) Shields
 + Level 7.5(6.3) Spellcasting
 + Level 0.7(0.0) Translocations
 + Level 8.4(7.1) Earth Magic
 * Level 9.5(8.2) Invocations
 + Level 0.4(0.0) Evocations


You had 26 spell levels left.
You knew the following spells:

 Your Spells              Type           Power        Failure   Level  Hunger
a - Sandblast             Erth           ###...       3%          1    None
b - Apportation           Tloc           #.....       17%         1    None

Your spell library contained the following spells:

 Spells                   Type           Power        Failure   Level  Hunger
 Blink                    Tloc           N/A          26%         2    ##.....
 Animate Skeleton         Necr           N/A          54%         1    None
 Corona                   Hex            #......      54%         1    None
 Infusion                 Chrm           #.......     54%         1    None
 Magic Dart               Conj           #...         54%         1    None
 Pain                     Necr           #.....       54%         1    None
 Slow                     Hex            #.......     54%         1    None
 Summon Butterflies       Summ           #.......     54%         1    None
 Call Imp                 Summ           #.....       69%         2    ##.....
 Ensorcelled Hibernation  Hex/Ice        #.....       69%         2    ##.....
 Shackle                  Hex            #.......     69%         2    ##.....
 Song of Slaying          Chrm           #.......     69%         2    ##.....
 Conjure Flame            Conj/Fire      #.......     89%         3    ###....
 False Image              Hex/Summ       #.......     89%         3    ###....
 Inner Flame              Hex/Fire       N/A          89%         3    ###....
 Mephitic Cloud           Conj/Pois/Air  #.......     89%         3    ###....
 Ozocubu's Armour         Chrm/Ice       #.......     89%         3    ###....
 Regeneration             Chrm/Necr      #.........   89%         3    ###....
 Spectral Weapon          Hex/Chrm       #.......     89%         3    ###....
 Spider Form              Tmut/Pois      #..          89%         3    ###....
 Vampiric Draining        Necr           #.........   89%         3    ###....
 Animate Dead             Necr           N/A          100%        4    ####...
 Cause Fear               Hex            #.........   100%        4    ####...
 Ice Form                 Ice/Tmut       #.......     100%        4    ####...
 Yara's Violent Unravell  Hex/Tmut       #.........   100%        4    ####...
 Bolt of Draining         Conj/Necr      #.........   100%        5    ######.
 Metabolic Englaciation   Hex/Ice        #.........   100%        5    ######.
 Bolt of Cold             Conj/Ice       #.........   100%        6    #######
 Borgnjor's Vile Clutch   Necr/Erth      #.........   100%        6    #######
 Darkness                 Hex            #.........   100%        6    #######
 Freezing Cloud           Ice/Air        #.........   100%        6    #######
 Infestation              Hex/Tmut/Pois  #........    100%        6    #######
 Ozocubu's Refrigeration  Ice            #.........   100%        6    #######
 Shadow Creatures         Summ           N/A          100%        6    #######
 Simulacrum               Ice/Necr       #.........   100%        6    #######
 Time Stop                Chrm/Tloc      N/A          100%        8    #######


Dungeon Overview and Level Annotations

Branches:
Dungeon (10/12)            Temple (0/1) D:4            Lair (6/6) D:8
 Shoals (0/3) Lair:2        Snake (0/3) Lair:2        Slime (0/5) Lair:6
    Orc (1/1) D:9
    Elf: Orc:1

Altars:
Ashenzari
Gozag
Nemelex Xobeh
Qazlal
Ru
Sif Muna
Vehumet
Xom
The Shining One
Jiyva

Shops:
D:6 (   D:7 (   D:9 =   Orc (

Annotations:
D:6 154g runed morningstar
D:7 1102g +11 flail of crushing
Lair:2 1 runed translucent door, Quickbrownfox's ghost, journeyman DsAc Orc corrupted


Innate Abilities, Weirdness & Mutations

You are small and have problems with some larger weapons.
You cover ground slowly.
Armour does not affect your spellcasting.


Message History

The orange demon stings the large abomination!
The orange demon hits the large abomination but does no damage.
The orb spider changes into a raiju!
You block the ufetubus's attack.
The ufetubus hits you but does no damage.
The ufetubus hits the fungus. x2; The hell hound bites the ynoxinul!
The orc sorcerer gestures at you while chanting.
The bolt of fire hits the ufetubus!!
The ufetubus is burned terribly!
The ufetubus dies!
The bolt of fire misses you.
The bolt of fire hits the ufetubus!!!
The ufetubus is burned terribly!
The ufetubus dies!
The bolt of fire hits the fungus!!!
The fungus is destroyed!
The orc sorcerer casts a spell at you.
The bolt of negative energy hits the hellwing.
The hellwing completely resists.
The bolt of negative energy hits the soul eater.
The soul eater completely resists.
You feel drained. The bolt of negative energy hits you!!
You die...

...#....#....#.
..##...4...#.........
....P.x4....xx....#.#.
..##Z..X.x.x..........
.......#Z.W....X......
.∩4Z3....4XX..X.......
..G#.5..h.b...Z.......
P.#..#.3@o+.X.........
...V..5o3....#........
......DX4Xo3#.........
....#.pXo.4x........P.
#x.#...$.G.x..........
....X.#..#.#..........
.........#.h..........
..X$..X..4#.#........P
......s#..............


You could see a soul eater, an orange demon, a hellwing, a ynoxinul, 2 orc
sorcerers, 2 orc warriors, 2 ufetubi, a neutral bone dragon, 3 neutral
starcursed masses, 3 neutral tentacled starspawn, a neutral hell knight, a
neutral eye of devastation, a neutral vampire mage, 2 neutral orange demons, a
neutral thrashing horror, 4 neutral large abominations, 2 neutral hellwings, a
neutral rust devil, a neutral worldbinder, a neutral smoke demon, a neutral
raiju shaped shifter, a neutral ynoxinul, a neutral wraith, a neutral hell
hound, 7 neutral small abominations, a neutral fire bat, a neutral cane toad
simulacrum, a neutral shock serpent simulacrum, a neutral catoblepas skeleton
and a neutral ettin skeleton.

Vanquished Creatures
  An orc warlord (D:9)
  Harold (D:8)
  8 hydras
  A death knight (D:10)
  An anaconda (Lair:6)
  Erica (D:8)
  A two-headed ogre (D:10)
  An alligator (Lair:6)
  A queen ant (D:10)
  An orc high priest (D:9)
  An oklob plant (Lair:5)
  2 ugly things
  2 deep elf magi (D:7)
  A wolf spider (Lair:5)
  Joseph (D:7)
  6 black mambas
  6 elephants
  A centaur zombie (D:9)
  20 cane toads
  A kobold demonologist (D:9)
  5 komodo dragons
  4 rime drakes
  3 trolls
  18 blink frogs
  3 tyrant leeches
  14 dream sheep
  11 hippogriffs
  2 wyverns
  37 yaks
  Grum (D:8)
  2 basilisks
  3 vampire mosquitoes (Lair:6)
  3 wargs (D:7)
  6 soldier ants
  An acid dragon (Lair:5)
  4 nagas (Lair:2)
  7 crocodiles
  7 porcupines
  8 water moccasins
  2 sky beasts
  4 ice beasts
  2 black bears
  8 orc warriors
  A necrophage (D:7)
  3 wolves
  3 phantoms
  6 ogres
  A centaur (D:10)
  7 big kobolds
  16 bullfrogs
  5 scorpions
  3 killer bees (D:6)
  8 wights
  2 electric eels (Lair:6)
  4 crimson imps
  A bullfrog zombie (D:8)
  7 orc priests
  4 hounds
  A gnoll shaman (D:6)
  3 iguanas
  Terence (D:2)
  9 orc wizards
  17 worker ants
  2 hound zombies
  A hound skeleton (D:6)
  Robin (D:2)
  A worker ant zombie (D:6)
  8 gnolls
  A howler monkey skeleton (D:5)
  16 adders
  2 shadow imps (D:10)
  An ooze (D:6)
  2 worms
  2 dart slugs
  9 leopard geckos
  35 orcs
  5 bats
  4 giant cockroaches
  9 goblins
  8 hobgoblins
  14 jackals
  2 quokkas
  2 frilled lizards (D:2)
  A jackal skeleton (D:4)
  26 kobolds
  2 quokka skeletons
  5 rats
474 creatures vanquished.

Vanquished Creatures (others)
  Psyche (D:9)
  An oklob plant (Lair:5)
  2 cane toads
  3 vampire mosquitoes (Lair:5)
  9 fungi
  23 plants
39 creatures vanquished.

Grand Total: 513 creatures vanquished

Notes
Turn   | Place    | Note
-------+----------+-------------------------------------------
     0 | Abyss:1  | Foic the Sand Dwarf Abyssal Knight began the quest for the
                  | Orb.
     0 | Abyss:1  | Reached XP level 1. HP: 19/19 MP: 2/2
    55 | D:1      | Escaped the Abyss
   152 | D:1      | Reached XP level 2. HP: 22/27 MP: 3/3
   297 | D:1      | Reached * piety under Lugonu
   344 | D:1      | Reached skill level 1 in Dodging
   400 | D:1      | Reached XP level 3. HP: 33/33 MP: 4/4
   651 | D:1      | Found a glowing golden altar of the Shining One.
  1239 | D:2      | Noticed Terence
  1269 | D:2      | Killed Terence
  1269 | D:2      | Reached skill level 4 in Maces & Flails
  1269 | D:2      | Reached XP level 4. HP: 14/40 MP: 5/5
  2098 | D:2      | Reached ** piety under Lugonu
  2134 | D:2      | Noticed Robin
  2163 | D:2      | Killed Robin
  2279 | D:2      | Reached XP level 5. HP: 47/47 MP: 6/6
  3060 | D:3      | Learned a level 1 spell: Sandblast
  3062 | D:3      | Learned a level 1 spell: Apportation
  3117 | D:3      | Reached skill level 5 in Maces & Flails
  3292 | D:3      | Reached XP level 6. HP: 41/53 MP: 8/8
  3753 | D:4      | Noticed an orc warrior
  3763 | D:4      | Killed an orc warrior
  3763 | D:4      | Reached skill level 5 in Armour
  3864 | D:4      | Reached *** piety under Lugonu
  4017 | D:4      | Reached skill level 1 in Spellcasting
  4017 | D:4      | Reached XP level 7. HP: 60/60 MP: 7/9
  4220 | D:4      | Found a staircase to the Ecumenical Temple.
  4289 | D:4      | Found a stormy altar of Qazlal.
  4444 | D:5      | Entered Level 5 of the Dungeon
  4483 | D:5      | Reached skill level 6 in Maces & Flails
  4483 | D:5      | Reached skill level 1 in Earth Magic
  4736 | D:5      | Reached XP level 8. HP: 56/67 MP: 10/10
  4972 | D:6      | Noticed a hippogriff
  5024 | D:6      | Killed a hippogriff
  5024 | D:6      | Reached skill level 5 in Fighting
  5024 | D:6      | Reached skill level 7 in Maces & Flails
  5352 | D:6      | Reached skill level 8 in Maces & Flails
  5526 | D:6      | Reached XP level 9. HP: 74/74 MP: 13/13
  5596 | D:6      | Found Xeni's Antique Weapon Emporium.
  5719 | D:6      | Reached **** piety under Lugonu
  6091 | D:6      | Reached skill level 5 in Invocations
  6117 | D:6      | Identified the ring of Omepamif {Str+4 Dex+4}
  6689 | D:7      | Received a gift from Lugonu
  6784 | D:7      | Got a scorched flail
  6805 | D:7      | Reached skill level 9 in Maces & Flails
  6820 | D:7      | Identified the +3 flail "Eguamaim" {protect, Str+5 Int-4}
                  | (You found it on level 7 of the Dungeon)
  7065 | D:7      | Noticed a troll
  7079 | D:7      | Killed a troll
  7182 | D:7      | Noticed Joseph
  7198 | D:7      | Killed Joseph
  7272 | D:7      | Reached skill level 5 in Earth Magic
  7272 | D:7      | Reached XP level 10. HP: 82/83 MP: 14/16
  7370 | D:7      | Reached skill level 10 in Maces & Flails
  7602 | D:7      | Found a radiant altar of Vehumet.
  7602 | D:7      | Noticed a deep elf mage
  7602 | D:7      | Noticed a deep elf mage
  7614 | D:7      | Killed a deep elf mage
  7614 | D:7      | Received a gift from Lugonu
  7641 | D:7      | Killed a deep elf mage
  7881 | D:7      | Found Pafith's Weapon Shoppe.
  7991 | D:8      | Found a staircase to the Lair.
  7991 | D:8      | Found a glowing golden altar of the Shining One.
  7995 | D:8      | Found a sparkling altar of Nemelex Xobeh.
  7996 | D:8      | Found a shattered altar of Ashenzari.
  8019 | D:7      | Reached skill level 11 in Maces & Flails
  8212 | D:8      | Found a sacrificial altar of Ru.
  8243 | D:8      | Noticed Erica
  8268 | D:8      | Killed Erica
  8268 | D:8      | Reached skill level 10 in Armour
  8484 | D:8      | Reached XP level 11. HP: 92/92 MP: 17/17
  8503 | D:8      | Reached skill level 12 in Maces & Flails
  8541 | D:8      | Noticed a three-headed hydra
  8555 | D:8      | Killed a three-headed hydra
  8611 | D:8      | Noticed Grum
  8668 | D:8      | Killed Grum
  9144 | D:8      | Noticed Harold
  9166 | D:8      | Killed Harold
  9166 | D:8      | Reached skill level 13 in Maces & Flails
  9166 | D:8      | Reached skill level 5 in Spellcasting
  9445 | D:8      | Found an opulent altar of Gozag.
 10309 | D:9      | Noticed Psyche
 10318 | D:9      | Killed Psyche
 10318 | D:9      | Reached skill level 1 in Shields
 10820 | D:9      | Found a staircase to the Orcish Mines.
 11262 | D:9      | Found a shimmering blue altar of Sif Muna.
 11292 | D:9      | Reached XP level 12. HP: 101/101 MP: 15/20
 11429 | D:9      | Found Fexuej's Jewellery Shop.
 11771 | D:10     | Entered Level 10 of the Dungeon
 11933 | D:10     | Noticed a two-headed ogre
 11944 | D:10     | Killed a two-headed ogre
 11967 | D:10     | Noticed a death knight
 12007 | D:10     | Killed a death knight
 12172 | D:10     | Noticed a queen ant
 12180 | D:10     | Killed a queen ant
 12231 | D:10     | Received a gift from Lugonu
 12424 | D:10     | Got an ichor-stained hunting sling
 12678 | D:10     | Noticed a six-headed hydra
 12686 | D:10     | Killed a six-headed hydra
 12820 | Lair:1   | Entered Level 1 of the Lair of Beasts
 12937 | Lair:1   | Reached skill level 14 in Maces & Flails
 13547 | Lair:1   | Reached skill level 5 in Shields
 13759 | Lair:2   | Found a runed translucent door.
 13759 | Lair:2   | Found a shimmering altar of Xom.
 13759 | Lair:2   | Noticed Quickbrownfox's ghost (journeyman DsAc)
 13962 | Lair:2   | Found a staircase to the Snake Pit.
 13995 | Lair:2   | Reached XP level 13. HP: 58/110 MP: 22/22
 14210 | Lair:2   | Found a staircase to the Shoals.
 14923 | Lair:2   | Received a gift from Lugonu
 15175 | Lair:3   | Reached ***** piety under Lugonu
 15960 | Lair:3   | HP: 3/111 [porcupine (22)]
 18611 | Lair:6   | Entered Level 6 of the Lair of Beasts
 19776 | Lair:5   | Reached XP level 14. HP: 35/119 MP: 19/24
 20126 | Lair:6   | Found a viscous altar of Jiyva.
 20126 | Lair:6   | Found a staircase to the Slime Pits.
 20792 | Lair:5   | Reached skill level 10 in Fighting
 21647 | Lair:6   | Reached skill level 10 in Shields
 23054 | Orc      | Entered the Orcish Mines
 23054 | Orc      | Found Yfocha's Antique Weapon Boutique.
 23054 | Orc      | Noticed an orc warlord
 23366 | D:9      | Received a gift from Lugonu
 23380 | D:9      | Killed an orc warlord
 23519 | Orc      | Paralysed by an orc sorcerer for 3 turns
 23532 | Orc      | Corrupted Orc
 23532 | Orc      | Noticed a starcursed mass
 23532 | Orc      | Noticed a starcursed mass
 23532 | Orc      | Noticed a starcursed mass
 23532 | Orc      | Noticed a bone dragon
 23532 | Orc      | Noticed a tentacled starspawn
 23533 | Orc      | Noticed a tentacled starspawn
 23533 | Orc      | Killed from afar by an orc sorcerer

Skill      XL: |  1  2  3  4  5  6  7  8  9 10 11 12 13 14 |
---------------+-------------------------------------------+-----
Invocations    | 2 3 4 5 6 7 8 9 |  9.5
Fighting       | 4 5 7 8 9 10 | 10.3
Dodging        | 1 2 |  2.5
Maces & Flails | 4 5 6 8 9 11 13 14 | 14.8
Armour         | 3 4 5 6 7 8 10 11 12 13 | 13.8
Spellcasting   | 1 2 4 5 6 7 |  7.5
Earth Magic    | 1 3 5 6 7 8 |  8.4
Shields        | 2 5 8 10 | 10.5
Throwing       | |  1.0
Translocations | |  0.7
Evocations     | |  0.4

Action                   |  1- 3 |  4- 6 |  7- 9 | 10-12 | 13-15 || total
-------------------------+-------+-------+-------+-------+-------++-------
Melee: Mace              |   127 |   183 |   277 |       |       ||   587
       Flail             |       |       |    34 |   791 |   922 ||  1747
Throw: Stone             |     1 |       |       |       |       ||     1
 Cast: Sandblast         |       |     8 |    60 |   109 |    86 ||   263
       Apportation       |       |     2 |     2 |       |       ||     4
Invok: Depart the Abyss  |     1 |       |       |       |       ||     1
       Banish            |       |       |       |       |     7 ||     7
       Bend Space        |       |       |       |       |     9 ||     9
       Corrupt           |       |       |       |       |     1 ||     1
Evoke: Wand              |       |       |       |       |     5 ||     5
  Use: Scroll            |     2 |     1 |     2 |     9 |     8 ||    22
       Potion            |       |       |     4 |     3 |     7 ||    14
  Eat: Chunk             |     2 |    11 |    13 |    14 |    29 ||    69
       Ration            |       |       |       |     3 |     2 ||     5
Armor: Leather armour    |    20 |       |       |       |       ||    20
       Chain mail        |    29 |    72 |       |       |       ||   101
       Plate armour      |       |    13 |   163 |   260 |   421 ||   857
Dodge: Dodged            |    86 |   120 |   144 |   188 |   237 ||   775
Block: Other             |       |       |    56 |    66 |       ||   122
       Reflection        |       |       |       |    24 |    12 ||    36
       Shield            |       |       |       |   270 |   877 ||  1147
